 Dungeon Crawl Stone Soup version 0.26.1-2-gb8aa6d0cf2 (webtiles) character file.

Game seed: 9522154196053016512

26 axecop the Skirmisher (level 2, 0/25 HPs)
             Began as a Demonspawn Abyssal Knight on Feb 21, 2021.
             Was a Follower of Lugonu.
             Slain by a kobold
             ... wielding a +0 whip
              (2 damage)
             ... on level 1 of the Dungeon.
             The game lasted 00:01:38 (832 turns).

axecop the Skirmisher (Demonspawn Abyssal Knight)    Turns: 832, Time: 00:01:39

Health: 0/25       AC:  5    Str: 12    XL:     2   Next: 89%
Magic:  3/3        EV: 11    Int: 13    God:    Lugonu [*.....]
Gold:   59         SH:  5    Dex: 12    Spells: 1/1 levels left

rFire    . . .     SeeInvis .   a - +1 mace
rCold    . . .     Faith    .   (no shield)
rNeg     . . .     Spirit   .   b - +0 leather armour
rPois    .         Reflect  +   (no helmet)
rElec    .         Harm     .   (no cloak)
rCorr    .         Rampage  .   (no gloves)
Will     +....                  (no boots)
Stlth    +.........             g - amulet of reflection
HPRegen  0.08/turn              h - ring of willpower
MPRegen  0.08/turn              (no ring)

@: no status effects
A: slimy green scales 1
a: Renounce Religion, Depart the Abyss


You were on level 1 of the Dungeon.
You worshipped Lugonu.
Lugonu was aware of your devotion.
You visited 1 branch of the dungeon, and saw 1 of its levels.
You visited the Abyss 1 time.

You collected 59 gold pieces.

Inventory:

Hand Weapons
 a - a +1 mace (weapon)
Missiles
 c - 5 atropa-tipped darts
 d - 6 javelins
Armour
 b - a +0 leather armour (worn)
Jewellery
 g - an amulet of reflection (around neck)
 h - a ring of willpower (left hand)
Scrolls
 e - 2 scrolls of amnesia {unknown}
 f - a scroll of immolation {unknown}
 i - a scroll of enchant weapon {unknown}


   Skills:
 + Level 3.8 Fighting
 + Level 2.0 Maces & Flails
 + Level 1.7 Armour
 + Level 1.0 Dodging
 + Level 0.2 Shields
 + Level 2.6 Invocations


You had one spell level left.
You didn't know any spells.
Your spell library was empty.

Dungeon Overview and Level Annotations

Branches:
Dungeon (1/15)

Altars:


Innate Abilities, Weirdness & Mutations

You are partially covered in slimy green scales. (AC +2)


Message History

* * * LOW HITPOINT WARNING * * *
You are too injured to fight recklessly!
You hit the kobold but do no damage. The kobold hits you but does no damage.
You are too injured to fight recklessly!
You hit the kobold.
The kobold is moderately wounded.
The kobold misses you. The kobold barely misses you.
You are too injured to fight recklessly!
You closely miss the kobold.
The kobold is moderately wounded.
The kobold hits you but does no damage.
You are too injured to fight recklessly!
You completely miss the kobold.
The kobold is moderately wounded.
The kobold hits you with a +0 whip.
* * * LOW HITPOINT WARNING * * *
You closely miss the kobold.
The kobold is moderately wounded.
The kobold hits you with a +0 whip.
You die...

# #.##.#####.#######.###.# #.
#######.##.#.##...## #.....# #.
.....##.##......#..#######.#.# #.
####.##.##.#.##............#.# #.
# #.##.##r#.###.###########.# #.
#.##.##.......# #.###.
#.##.##...##### #.....
####.##.##.######### #####.
#.............rK@..# #.
........##.#######.#############.
.†##.......# #...............
..########## ################ ###


You could see a kobold and a rat.

Vanquished Creatures
  An ooze (D:1)
  A dart slug (D:1)
  2 leopard geckos (D:1)
  2 giant cockroaches (D:1)
  2 goblins (D:1)
  2 jackals (D:1)
  2 bats (D:1)
  3 frilled lizards (D:1)
  5 rats (D:1)
20 creatures vanquished.

Vanquished Creatures (others)
  A bat (D:1)
1 creature vanquished.

Grand Total: 21 creatures vanquished

Notes
Turn   | Place    | Note
-------+----------+-------------------------------------------
     0 | Abyss:1  | axecop the Demonspawn Abyssal Knight began the quest for
                  | the Orb.
     0 | Abyss:1  | Reached XP level 1. HP: 18/18 MP: 2/2
    39 | Abyss:2  | Noticed a small abomination
    73 | Abyss:2  | Noticed a small abomination
    74 | Abyss:2  | Noticed a Hell Sentinel
    78 | Abyss:3  | Found a corrupted altar of Lugonu.
   106 | Abyss:3  | Noticed a raiju
   106 | Abyss:3  | Noticed a raiju
   106 | Abyss:3  | Noticed a raiju
   107 | D:1      | Escaped the Abyss
   266 | D:1      | Reached * piety under Lugonu
   334 | D:1      | Gained mutation: You are partially covered in slimy green
                  | scales. (AC +2) [demonic ancestry]
   334 | D:1      | Reached XP level 2. HP: 17/24 MP: 3/3
   763 | D:1      | Reached skill level 1 in Dodging
   832 | D:1      | Slain by a kobold

Illustrated notes

Levels and vault maps discovered:
D:1:      saegor_arrival_simple_a, layout_loops_ring, minmay_misc_feat_roman,
          minmay_misc_feat_hallway, lemuel_flame_loot_1

Skill      XL: |  1  2 |
---------------+-------+-----
Maces & Flails | 2 |  2.0
Dodging        | 1 |  1.0
Fighting       | |  3.8
Armour         | |  1.7
Shields        | |  0.2
Invocations    | |  2.6

Action                   || total
-------------------------++-------
Melee: Mace              ||    70
Invok: Depart the Abyss  ||     1
 Stab: Sleeping          ||     2
Armor: Leather armour    ||    22
Dodge: Dodged            ||    57
Block: Other             ||    23
